 Dungeon Crawl Stone Soup version 0.19-a0-606-gee5277e (webtiles) character file.

9888 TheGoonsmith the Frost Mage (level 11, 0/57 HPs)
             Began as a Gargoyle Ice Elementalist on June 11, 2016.
             Was a High Priest of Cheibriados.
             Slain by Erica
             ... wielding a +4 scimitar of flaming
              (1 damage)
             ... on level 2 of the Lair of Beasts.
             The game lasted 00:36:01 (13391 turns).

TheGoonsmith the Frost Mage (GrIE)                 Turns: 13391, Time: 00:36:01

Health: 0/57       AC: 27    Str: 25    XL:     11   Next: 53%
Magic:  12/30      EV: 13    Int: 36    God:    Cheibriados [*****.]
Gold:   437        SH:  8    Dex: 25    Spells: 4 memorised, 10 levels left

rFire  + . .     SeeInvis .     r - +4 morningstar
rCold  . . .     Gourm    .     a - +0 robe
rNeg   + . .     Faith    .     i - +2 buckler {AC+3}
rPois  ∞         Spirit   .     L - +3 hat of Pondering {ponderous, MR+ MP+10 Int+5}
rElec  +         Dismiss  .     D - +1 cloak {+Inv}
rCorr  .         Reflect  .     k - +0 pair of gloves {archery}
SustAt .         Harm     .     (no boots)
MR     +....                    (no amulet)
Stlth  +++.......               (no ring)
                                (no ring)

@: icy armour, slowed, very slow, somewhat resistant to hostile enchantments,
fairly stealthy
A: beak, thin skeletal structure 1, blurry vision 2, fire resistance 1, frail 1,
negative energy resistance 1, electricity resistance, strong 1, unbreathing,
evolution 1, petrification resistance, rot immunity, AC +7
a: Bend Time, Temporal Distortion, Slouch, Step From Time, Renounce Religion,
Evoke Invisibility


You were on level 2 of the Lair of Beasts.
You worshipped Cheibriados.
Cheibriados was extremely pleased with you.
You were not hungry.

You visited 2 branches of the dungeon, and saw 12 of its levels.

You collected 437 gold pieces.

Inventory:

Hand Weapons
 g - a +0 club
 r - a +4 morningstar (weapon)
 t - the +9 rapier of Trial by Ordeal {flame, rF+}
   (You found it on level 9 of the Dungeon)

   It has been specially enchanted to burn those struck by it, causing extra
   injury to most foes and up to half again as much damage against particularly
   susceptible opponents.
   It protects you from fire.
 v - a +5 bardiche of chopping
 w - a +0 flail
 C - a cursed +0 dagger
Armour
 a - a +0 robe (worn)
 i - a +2 buckler of protection (worn)
 k - a +0 pair of gloves of archery (worn)
 D - a +1 cloak of invisibility (worn)
 L - the +3 hat of Pondering (worn) {ponderous, MR+ MP+10 Int+5}
   (You took it off Gastronok on level 2 of the Lair of Beasts)

   It affects your intelligence (+5).
   It affects your resistance to hostile enchantments.
   It affects your magic capacity (+10).
Jewellery
 I - an uncursed amulet of harm
Wands
 G - a wand of confusion (22/48)
 J - a wand of paralysis (22/24)
 K - a wand of iceblast (10/15)
Scrolls
 n - 6 scrolls of remove curse
 x - 2 scrolls of identify
 A - 2 scrolls of enchant weapon
 B - a scroll of magic mapping
 H - a scroll of recharging
Potions
 d - a potion of ambrosia
 e - a potion of heal wounds {unknown}
 f - a potion of lignification
 h - 2 potions of haste
 l - a potion of might
 m - a potion of agility {unknown}
 o - a potion of resistance
 u - a potion of flight
 E - a potion of magic {unknown}
Books
 b - a book of Frost

   Spells                             Type                      Level
   a - Freeze                         Ice                          1
   b - Throw Frost                    Conjuration/Ice              2
   c - Ozocubu's Armour               Charms/Ice                   3
   d - Throw Icicle                   Conjuration/Ice              4
   e - Summon Ice Beast               Ice/Summoning                4
 q - a book of the Earth

   Spells                             Type                      Level
   a - Leda's Liquefaction            Hexes/Earth                  4
   b - Bolt of Magma                  Conjuration/Fire/Earth       5
   c - Statue Form                    Transmutation/Earth          6
   d - Iron Shot                      Conjuration/Earth            6
   e - Shatter                        Earth                        9
 y - a book of Debilitation

   Spells                             Type                      Level
   a - Corona                         Hexes                        1
   b - Slow                           Hexes                        2
   c - Gell's Gravitas                Hexes/Translocation          3
   d - Inner Flame                    Hexes/Fire                   3
   e - Cause Fear                     Hexes                        4
   f - Leda's Liquefaction            Hexes/Earth                  4
 z - a book of Unlife

   Spells                             Type                      Level
   a - Recall                         Summoning/Translocation      3
   b - Animate Dead                   Necromancy                   4
   c - Control Undead                 Necromancy                   4
   d - Cigotuvi's Embrace             Necromancy                   5
   e - Death Channel                  Necromancy                   6
   f - Simulacrum                     Ice/Necromancy               6
Comestibles
 c - 4 bread rations
 j - 5 beef jerkies
 p - 9 fruits
 s - 12 royal jellies
 F - 6 slices of pizza
 M - a chunk of flesh


   Skills:
 + Level 5.7 Fighting
 + Level 9.4 Maces & Flails
 - Level 1.5 Dodging
 - Level 2.1 Stealth
 - Level 4.5 Shields
 - Level 6.0 Spellcasting
 - Level 1.1 Conjurations
 - Level 2.3 Charms
 - Level 4.0 Summonings
 - Level 11.0 Ice Magic


You had 10 spell levels left.
You knew the following spells:

 Your Spells              Type           Power        Failure   Level  Hunger
a - Freeze                Ice            ####         1%          1    None
b - Summon Ice Beast      Ice/Summ       ######..     1%          4    ##.....
c - Throw Icicle          Conj/Ice       ######..     2%          4    ##.....
A - Ozocubu's Armour      Chrm/Ice       ######..     1%          3    None


Dungeon Overview and Level Annotations

Branches:
Dungeon (10/15)            Temple (0/1) D:7            Lair (2/6) D:8
    Orc (0/2) D:9
  Swamp: Lair:2-4    Shoals: Lair:2-4     Snake: Lair:2-4    Spider: Lair:2-4

Altars:
Ashenzari
Cheibriados
Dithmenos
Elyvilon
Gozag
Hepliaklqana
Makhleb
Nemelex Xobeh
Pakellas
Qazlal
Ru
Sif Muna
Xom
Zin
The Shining One

Annotations:
Lair:2 Erica


Innate Abilities, Weirdness & Mutations

You are resistant to torment.
Your stone body is resilient. (AC +7)
You are immune to poison.
You resist negative energy. (rN+)
You are resistant to electric shocks. (rElec)
You can survive without breathing.
You are immune to petrification.
You are immune to rotting.
You have a beak for a mouth.
You have a somewhat thin skeletal structure. (Dex +2, Stealth)
Scrolls take you longer to read.
Your flesh is heat resistant. (rF+)
You are frail. (-10% HP)
Your muscles are strong. (Str +2)
You evolve.


Message History

Confirm with . or Enter, or press ? or * to list all spells.
Aiming: Freeze
Press: ? - help, Shift-Dir - straight line You freeze something.
Something hits you! Something burns you. The heat melts your icy armour.
Casting: Freeze
Confirm with . or Enter, or press ? or * to list all spells.
Aiming: Freeze
Press: ? - help, Shift-Dir - straight line You freeze something.
Something hits you!
* * * LOW HITPOINT WARNING * * *
The heat melts your icy armour.
Casting: Freeze
Confirm with . or Enter, or press ? or * to list all spells.
Aiming: Freeze
Press: ? - help, Shift-Dir - straight line You freeze something.
Something hits you!
* * * LOW HITPOINT WARNING * * *
Something burns you.
You die...

##...P#....#####....
#..(.......<........
########..............
#####P#..................#
.........†................
..........................
##.....P#................
#.....YPY.#.............
#.....Y@.###..........[.
#.........## .............
#.......... .......
..#......... ......
............# ...........P
#............
............#


You could see 3 friendly ice beasts.

Vanquished Creatures
  Gastronok (Lair:2)
  A spiny frog (Lair:2)
  A komodo dragon (Lair:1)
  A queen bee (D:9)
  Grinder (D:6)
  A shadow (D:9)
  3 yaks (D:9)
  A hungry ghost (D:6)
  A hippogriff (D:6)
  A wyvern (D:9)
  Menkaure (D:5)
  3 water moccasins
  4 ice beasts
  4 orc warriors
  A black bear (D:9)
  5 sky beasts
  A phantom (D:6)
  3 ogres
  A centaur (D:9)
  A big kobold (D:8)
  3 giant frogs
  3 scorpions
  4 wights (D:8)
  16 killer bees (D:9)
  A howler monkey (D:9)
  A jelly (D:6)
  4 crimson imps
  A giant frog zombie (D:8)
  3 hounds
  A giant frog skeleton (D:4)
  4 orc priests
  7 orc wizards
  2 centaur skeletons
  2 iguanas
  5 worker ants
  3 sheep (D:7)
  A hound zombie (D:8)
  A howler monkey skeleton (D:8)
  11 gnolls
  11 adders
  2 shadow imps
  An adder skeleton (D:6)
  6 worms
  A dart slug (D:1)
  5 giant geckos
  29 orcs
  7 giant cockroaches
  3 goblins
  4 hobgoblins
  4 jackals (D:5)
  11 kobolds
  4 quokkas
  11 bats
  3 giant newts
  2 jackal skeletons
  6 rats
219 creatures vanquished.

Vanquished Creatures (collateral kills)
  Harold (Lair:1)
  A rakshasa (D:9)
  Urug (Lair:1)
  2 spiny frogs
  A human (D:7)
  A hungry ghost (D:8)
  A hippogriff (D:7)
  A water moccasin (Lair:1)
  A black bear (D:8)
  A porcupine (Lair:2)
  A sky beast (D:6)
  An ogre (D:8)
  A phantom (D:7)
  A centaur (D:6)
  A crocodile (Lair:1)
  2 big kobolds
  A gnoll sergeant (D:9)
  2 giant frogs
  8 killer bees (D:9)
  A wight (D:8)
  A howler monkey (D:6)
  3 orc wizards
  An iguana (D:6)
  A worker ant (D:6)
  A sheep (D:7)
  A hound skeleton (D:8)
  A worker ant zombie (D:7)
  2 gnolls (D:9)
  An adder (D:6)
  2 adder skeletons
  3 orcs
  8 kobolds
  A quokka (D:7)
56 creatures vanquished.

Grand Total: 275 creatures vanquished

Notes
Turn   | Place    | Note
--------------------------------------------------------------
     0 | D:1      | TheGoonsmith the Gargoyle Ice Elementalist began the quest for the Orb.
     0 | D:1      | Reached XP level 1. HP: 10/10 MP: 3/3
   193 | D:1      | Reached XP level 2. HP: 14/15 MP: 0/5
   516 | D:1      | Reached skill level 4 in Ice Magic
   663 | D:1      | Reached XP level 3. HP: 19/19 MP: 4/6
  1423 | D:2      | Reached XP level 4. HP: 24/24 MP: 2/7
  1784 | D:3      | Learned a level 3 spell: Ozocubu's Armour
  1803 | D:3      | Reached skill level 5 in Ice Magic
  1929 | D:3      | Found a shattered altar of Ashenzari.
  2308 | D:3      | Found a white marble altar of Elyvilon.
  2449 | D:3      | Found a burning altar of Makhleb.
  2453 | D:3      | Reached XP level 5. HP: 27/28 MP: 5/8
  2767 | D:4      | Noticed an ogre
  2774 | D:4      | Killed an ogre
  2774 | D:4      | Reached skill level 6 in Ice Magic
  2774 | D:4      | Reached XP level 6. HP: 32/32 MP: 3/9
  2830 | D:4      | Learned a level 4 spell: Summon Ice Beast
  2978 | D:4      | Found a burning altar of Makhleb.
  3729 | D:4      | Reached XP level 7. HP: 12/36 MP: 6/13
  4239 | D:5      | Entered Level 5 of the Dungeon
  4342 | D:5      | Reached skill level 5 in Spellcasting
  4636 | D:5      | Reached skill level 1 in Shields
  4745 | D:5      | Reached XP level 8. HP: 32/41 MP: 0/16
  4910 | D:5      | Noticed Menkaure
  4925 | D:5      | Killed Menkaure
  5509 | D:6      | Noticed Grinder
  5529 | D:6      | Reached skill level 1 in Charms
  5558 | D:6      | Paralysed by Grinder for 5 turns
  5570 | D:6      | Paralysed by Grinder for 4 turns
  5578 | D:6      | Killed Grinder
  5578 | D:6      | Reached skill level 7 in Ice Magic
  5870 | D:6      | Reached skill level 1 in Summonings
  6044 | D:6      | Found a shadowy altar of Dithmenos.
  6044 | D:6      | Found a shimmering altar of Xom.
  6210 | D:6      | Found a snail-covered altar of Cheibriados.
  6254 | D:6      | Became a worshipper of Cheibriados the Contemplative
  6267 | D:6      | Reached XP level 9. HP: 24/48 MP: 1/17
  6717 | D:6      | Reached skill level 8 in Ice Magic
  6876 | D:6      | Reached * piety under Cheibriados
  6883 | D:6      | Reached skill level 1 in Maces & Flails
  7299 | D:6      | Found a deep blue altar of Sif Muna.
  7664 | D:7      | Found a staircase to the Ecumenical Temple.
  7829 | D:7      | Reached skill level 5 in Maces & Flails
  7838 | D:7      | Reached ** piety under Cheibriados
  8161 | D:7      | Found an oddly glowing altar of Pakellas.
  8767 | D:8      | Reached XP level 10. HP: 53/53 MP: 0/18
  9087 | D:8      | Reached *** piety under Cheibriados
  9108 | D:8      | Found a staircase to the Lair.
  9588 | D:9      | Identified a scroll of acquirement
  9958 | D:9      | Reached **** piety under Cheibriados
  9962 | D:9      | Got an iridescent rapier
  9963 | D:9      | Identified the +9 rapier of Trial by Ordeal {flame, rF+} (You found it on level 9 of the Dungeon)
  9978 | D:9      | Found a staircase to the Orcish Mines.
  9982 | D:9      | Reached skill level 9 in Ice Magic
 10002 | D:9      | Found a stormy altar of Qazlal.
 10008 | D:9      | Gained mutation: Your flesh is heat resistant. (rF+) [mutagenic meat]
 10009 | D:9      | Gained mutation: You are frail. (-10% HP) [mutagenic meat]
 10010 | D:9      | Gained mutation: Your muscles are strong. (Str +2) [mutagenic meat]
 10011 | D:9      | Gained mutation: You evolve. [mutagenic meat]
 10012 | D:9      | Gained mutation: You have a beak for a mouth. [potion of mutation]
 10013 | D:9      | Gained mutation: Scrolls take you a little longer to read. [potion of mutation]
 10013 | D:9      | Gained mutation: You have a somewhat thin skeletal structure. (Dex +2, Stealth) [potion of mutation]
 10033 | D:9      | Found a sparkling altar of Nemelex Xobeh.
 10033 | D:9      | Found a glowing silver altar of Zin.
 10037 | D:9      | Found an opulent altar of Gozag.
 10037 | D:9      | Found a glowing golden altar of the Shining One.
 10038 | D:9      | Found a hazy altar of Hepliaklqana.
 10471 | D:9      | HP: 1/47 [killer bee (4)]
 10728 | D:9      | Noticed a rakshasa
 10741 | D:9      | Killed a rakshasa
 10741 | D:9      | Reached skill level 10 in Ice Magic
 10975 | D:9      | Learned a level 4 spell: Throw Icicle
 11057 | D:9      | Reached ***** piety under Cheibriados
 11177 | D:9      | Reached XP level 11. HP: 51/51 MP: 4/20
 11267 | D:9      | Reached skill level 11 in Ice Magic
 11966 | D:9      | Found a sacrificial altar of Ru.
 12035 | D:10     | Entered Level 10 of the Dungeon
 12081 | Lair:1   | Entered Level 1 of the Lair of Beasts
 12102 | Lair:1   | Noticed Urug
 12112 | Lair:1   | Killed Urug
 12386 | Lair:1   | Noticed Harold
 12397 | Lair:1   | Killed Harold
 12974 | Lair:2   | Gained mutation: Scrolls take you longer to read. [evolution]
 13154 | Lair:2   | Noticed Gastronok
 13170 | Lair:2   | Killed Gastronok
 13170 | Lair:2   | Reached skill level 5 in Fighting
 13377 | Lair:2   | Noticed Erica
 13391 | Lair:2   | HP: 1/57 [something (9)]
 13391 | Lair:2   | Slain by Erica

Vault maps used:
D:1:      elethiomel_arrival_maze
D:3:      lemuel_doored_altar, makhleb_grotto_becter, evilmike_ruin_ashenzari,
          first_bread, minivault_11, kennysheep_generic_room_10
D:4:      makhleb_heckhound_becter
D:5:      minmay_misc_feat_nine_boxes, uniq_menkaure
D:6:      tgw_sif, gammafunk_temple_overflow_elements, kennysheep_mini_moat,
          uniq_grinder
D:7:      lemuel_crystal_altar, minmay_temple_entry_large_hall, grunt_livestock,
          serial_bayou_pond_e
D:8:      lair_0_dummy
D:9:      grunt_temple_overflow_open, nicolae_ru_path_of_blood,
          hangedman_decor_slide_cut
Lair:1:   st_stairs_6, serial_bayou_shore_b, lemuel_fruit_fields,
          infiniplex_staircase_pool_2, uniq_urug, uniq_harold
Lair:2:   minmay_shoals_entry_beasts, grunt_forest_stairs_basic,
          lemuel_fruit_fields, uniq_gastronok, uniq_erica

Skill      XL: |  1  2  3  4  5  6  7  8  9 10 11 |
---------------+----------------------------------+-----
Ice Magic      | 4 5 6 7 8 10 11 | 11.0
Spellcasting   | 4 5 6 |  6.0
Shields        | 3 4 |  4.5
Fighting       | 2 5 |  5.7
Charms         | 2 |  2.3
Summonings     | 2 3 4 |  4.0
Maces & Flails | 7 8 9 |  9.4
Dodging        | |  1.5
Stealth        | |  2.1
Conjurations   | |  1.1

Action                   |  1- 3 |  4- 6 |  7- 9 | 10-12 || total
-------------------------+-------+-------+-------+-------++-------
Melee: Unarmed           |    24 |       |       |       ||    24
       Club              |    23 |     1 |       |       ||    24
       Flail             |       |    84 |   130 |       ||   214
       Morningstar       |       |       |    56 |    86 ||   142
       Peck              |       |       |       |     7 ||     7
 Cast: Freeze            |    51 |    55 |   172 |   205 ||   483
       Ozocubu's Armour  |       |       |    22 |    30 ||    52
       Summon Ice Beast  |       |       |    35 |    64 ||    99
 Abil: Evoke Invisibilit |       |       |     1 |       ||     1
Evoke: Wand              |       |       |       |     1 ||     1
  Use: Potion            |       |     1 |     9 |     4 ||    14
       Scroll            |       |       |     2 |    12 ||    14
 Stab: Sleeping          |     1 |       |       |     2 ||     3
       Distracted        |       |       |     1 |     2 ||     3
  Eat: Chunk             |     2 |     7 |     9 |     5 ||    23
       Meat ration       |       |       |     3 |       ||     3
       Bread ration      |       |       |     3 |     3 ||     6
       Pizza             |       |       |       |     1 ||     1
Armor: Robe              |    34 |    13 |   178 |   149 ||   374
       Chain mail        |       |   118 |       |       ||   118
       Skin              |       |     3 |     2 |       ||     5
Dodge: Dodged            |    65 |    32 |   198 |   193 ||   488
Block: Buckler           |    15 |    35 |   111 |   121 ||   282
